[Event "AUT-ch U18-Open 2025"]
[Site "Fuerstenfeld"]
[Date "2025.04.14"]
[Round "3.1"]
[White "Wendl, Philipp"]
[Black "Balint, Peter"]
[Result "0-1"]
[Annotator "RC"]
[ECO "A28"]
[WhiteElo "2268"]
[BlackElo "2366"]
[PlyCount "90"]
[EventDate "2025.04.12"]
[EventType "swiss"]
[EventCountry "AUT"]
[SourceTitle "playchess.com"]
[Source "ChessBase"]
[SourceQuality "1"]
[TimeControl "5400+30"]

1. c4 e5 2. Nc3 Nf6 3. Nf3 Nc6 4. e3 Bb4 5. Qc2 Bxc3 6. Qxc3 Qe7 7. a3 d5 8. d4 exd4 9. Nxd4 Ne5 10. cxd5 Nxd5 11. Qc2 O-O 12. Be2 c5 13. Nf3 b6 14. Qe4 Nxf3+ 15. Bxf3 Qxe4 16. Bxe4 Be6 17. Bd2 Rac8 18. Bf3 f5 19. O-O Nf6 20. Rfd1 Bb3 21. Rdc1 Rfd8 22. Be1 Ne4 23. Be2 a5 24. h3 Kf8 25. Bd1 Rd3 26. Bc2 Bxc2 27. Rxc2 a4 28. Kf1 c4 29. Ke2 b5 30. f3 Nf6 31. Rd1 Rxd1 32. Kxd1 Nd5 33. Re2 Rd8 34. Kc1 Re8 35. Rd2 Nxe3 36. Rd7 Re5 37. Bb4+ Kg8 38. Rxg7+ Kxg7 39. Bc3 Kf6 40. f4 Nxg2 41. Bxe5+ Ke6 42. Kd2 Kd5 43. Kc3 Ke4 44. Kb4 Nxf4 45. Bc7 Nd5+ 0-1

[Event "AUT-ch U18-Open 2025"]
[Site "Fuerstenfeld"]
[Date "2025.04.14"]
[Round "3.2"]
[White "Gruenwald, Simon"]
[Black "Leitgeb, Julian"]
[Result "0-1"]
[Annotator "RC"]
[ECO "B90"]
[WhiteElo "2101"]
[BlackElo "2313"]
[PlyCount "106"]
[EventDate "2025.04.12"]
[EventType "swiss"]
[EventCountry "AUT"]
[SourceTitle "playchess.com"]
[Source "ChessBase"]
[SourceQuality "1"]
[TimeControl "5400+30"]

1. e4 c5 2. Nf3 d6 3. d4 cxd4 4. Nxd4 Nf6 5. Nc3 a6 6. Rg1 h5 7. h3 g6 8. g4 hxg4 9. hxg4 Bg7 10. Be3 Nc6 11. Be2 Bxg4 12. Nxc6 Bxe2 13. Nxd8 Bxd1 14. Nxf7 Kxf7 15. Rxd1 Rac8 16. Bd4 Rc4 17. b3 Rc6 18. Rd3 Rh4 19. f3 Rh2 20. Kd1 Ng4 21. Rxg4 Bxd4 22. Ne2 Bf6 23. a4 g5 24. Rg1 Rc8 25. Rd2 Rf2 26. Rd3 Rh8 27. Ng3 Be5 28. Nh1 Rfh2 29. Ng3 R8h3 30. Nf5 Rf2 31. Rd2 Rxd2+ 32. Kxd2 Bf4+ 33. Ke2 Rh2+ 34. Kd3 Rd2+ 35. Kc3 Rf2 36. Nd4 Kf6 37. Rd1 Be5 38. Rd3 Bxd4+ 39. Kxd4 Rxc2 40. Rd1 Rf2 41. Rd3 Rg2 42. Rc3 Rg3 43. Rc8 Kf7 44. Rc3 Kf6 45. Rc8 Kf7 46. Rc3 b5 47. axb5 axb5 48. e5 dxe5+ 49. Kxe5 g4 50. Rc5 gxf3 51. Ke4 b4 52. Ke3 f2+ 53. Kxf2 Rxb3 0-1

[Event "AUT-ch U18-Open 2025"]
[Site "Fuerstenfeld"]
[Date "2025.04.14"]
[Round "3.3"]
[White "Fitz, Jonathan David"]
[Black "Gold, Theodor"]
[Result "0-1"]
[Annotator "RC"]
[ECO "E04"]
[WhiteElo "1918"]
[BlackElo "2066"]
[PlyCount "96"]
[EventDate "2025.04.12"]
[EventType "swiss"]
[EventCountry "AUT"]
[SourceTitle "playchess.com"]
[Source "ChessBase"]
[SourceQuality "1"]
[TimeControl "5400+30"]

1. d4 Nf6 2. c4 e6 3. Nf3 d5 4. g3 dxc4 5. Bg2 a6 6. O-O Nc6 7. e3 Rb8 8. Nfd2 e5 9. Bxc6+ bxc6 10. dxe5 Ng4 11. Nxc4 Be6 12. Nbd2 Bb4 13. b3 h5 14. Nf3 Qxd1 15. Rxd1 Bxc4 16. bxc4 Bc3 17. Ba3 Bxa1 18. Rxa1 c5 19. Bxc5 Rb2 20. e4 Rc2 21. Rb1 Kd7 22. Rb4 a5 23. Ra4 Rb8 24. h3 Rb1+ 25. Kg2 Nxf2 26. e6+ Kc8 27. Bxf2 Rbb2 28. e7 Rxf2+ 29. Kg1 Kd7 30. Ne5+ Kxe7 31. Nd3 Rxa2 32. Rxa5 Rg2+ 33. Kf1 Rxa5 34. Kxg2 Ra3 35. Nf4 g6 36. Nd5+ Kd8 37. Kf2 h4 38. gxh4 Rxh3 39. Ne3 Rxh4 40. Kf3 Rh3+ 41. Ke2 Rxe3+ 42. Kxe3 Ke7 43. Kd4 Kd6 44. e5+ Kc6 45. Ke4 Kc5 46. Kd3 g5 47. Ke4 Kxc4 48. Kf5 Kd5 0-1

[Event "AUT-ch U18-Open 2025"]
[Site "Fuerstenfeld"]
[Date "2025.04.14"]
[Round "3.4"]
[White "Gschiel, Alexander"]
[Black "Hengl, Philip"]
[Result "1-0"]
[Annotator "RC"]
[ECO "D02"]
[WhiteElo "2317"]
[BlackElo "2205"]
[PlyCount "95"]
[EventDate "2025.04.12"]
[EventType "swiss"]
[EventCountry "AUT"]
[SourceTitle "playchess.com"]
[Source "ChessBase"]
[SourceQuality "1"]
[TimeControl "5400+30"]

1. Nf3 d5 2. g3 Nd7 3. d4 Nb6 4. Bg2 Bf5 5. O-O c6 6. Nbd2 Nf6 7. b3 e6 8. Bb2 h6 9. Ne5 Nbd7 10. c4 Nxe5 11. dxe5 Ne4 12. cxd5 Nxd2 13. Qxd2 cxd5 14. Rfd1 Be7 15. e4 dxe4 16. Qe2 Qb6 17. Bxe4 Bxe4 18. Qxe4 O-O 19. Rd7 Bc5 20. Qf3 Rad8 21. Rad1 Rxd7 22. Rxd7 Qc6 23. Qxc6 bxc6 24. Kf1 Bb6 25. Ke2 Rd8 26. Rxd8+ Bxd8 27. Bd4 a6 28. Kd3 Kf8 29. Kc4 Ke8 30. Kc5 Kd7 31. Bc3 h5 32. h3 Bc7 33. g4 hxg4 34. hxg4 Bd8 35. f4 g6 36. Be1 g5 37. fxg5 Bc7 38. Bc3 Bd8 39. a4 Bc7 40. Bd2 Bxe5 41. Kb6 Bd4+ 42. Kxa6 Kc8 43. Ka5 Bc5 44. b4 Bd4 45. Ka6 e5 46. b5 c5 47. b6 c4 48. b7+ 1-0

[Event "AUT-ch U18-Open 2025"]
[Site "Fuerstenfeld"]
[Date "2025.04.14"]
[Round "3.5"]
[White "Noori, Darius"]
[Black "Jetzl, Julian"]
[Result "0-1"]
[Annotator "RC"]
[ECO "B31"]
[WhiteElo "1812"]
[BlackElo "2146"]
[PlyCount "56"]
[EventDate "2025.04.12"]
[EventType "swiss"]
[EventCountry "AUT"]
[SourceTitle "playchess.com"]
[Source "ChessBase"]
[SourceQuality "1"]
[TimeControl "5400+30"]

1. e4 c5 2. Be2 d6 3. f4 g6 4. d3 Bg7 5. c3 e6 6. Nf3 Ne7 7. O-O O-O 8. Kh1 a6 9. Be3 Nd7 10. Na3 b5 11. Nc2 Bb7 12. Qe1 c4 13. Rd1 cxd3 14. Bxd3 Qc7 15. Nh4 Nc5 16. Bxc5 dxc5 17. f5 c4 18. f6 Bxf6 19. Rxf6 cxd3 20. Rxd3 Qe5 21. Qf2 Bxe4 22. Rd7 Nf5 23. Nxf5 Qxf6 24. Nh6+ Kg7 25. Qxf6+ Kxf6 26. Ng4+ Kg5 27. Nce3 Rad8 28. Ra7 Kf4 0-1

[Event "AUT-ch U18-Open 2025"]
[Site "Fuerstenfeld"]
[Date "2025.04.14"]
[Round "3.6"]
[White "Hake, Nils"]
[Black "Maier, Tobias"]
[Result "1/2-1/2"]
[Annotator "RC"]
[ECO "C50"]
[WhiteElo "2054"]
[BlackElo "1915"]
[PlyCount "94"]
[EventDate "2025.04.12"]
[EventType "swiss"]
[EventCountry "AUT"]
[SourceTitle "playchess.com"]
[Source "ChessBase"]
[SourceQuality "1"]
[TimeControl "5400+30"]

1. e4 e5 2. Bc4 Nc6 3. d3 Bc5 4. Nc3 Nf6 5. a3 a6 6. Nf3 d6 7. O-O h6 8. Be3 Ba7 9. h3 Bd7 10. Qd2 Bxe3 11. fxe3 Qe7 12. Qf2 O-O-O 13. b4 Nb8 14. Nh4 b6 15. Ne2 Rdf8 16. Ng3 Ne8 17. Ne2 Kb7 18. a4 Qg5 19. Kh2 Qd8 20. Bb3 g5 21. Nf5 g4 22. hxg4 h5 23. g5 Qxg5 24. Qh4 Qg4 25. Qxg4 hxg4+ 26. Kg3 Bxf5 27. Rxf5 f6 28. Kxg4 Rh6 29. Kg3 Ng7 30. Rf3 Rfh8 31. Kf2 Nd7 32. Ng3 Nf8 33. Bf7 Nh7 34. Nf5 Nxf5 35. Rxf5 Ng5 36. Bb3 Kc8 37. Rf1 Kd7 38. Ke2 Ke7 39. Bc4 Ra8 40. Rb1 a5 41. Bd5 Ra7 42. b5 Ne6 43. Bxe6 Kxe6 44. d4 Ra8 45. Rbf1 Rg8 46. R1f2 Rg4 47. Kd3 Rgg6 1/2-1/2

[Event "AUT-ch U18-Open 2025"]
[Site "Fuerstenfeld"]
[Date "2025.04.14"]
[Round "3.7"]
[White "Loretz, Jonas"]
[Black "Archan, Elikya"]
[Result "1-0"]
[Annotator "RC"]
[ECO "B13"]
[WhiteElo "1869"]
[BlackElo "2048"]
[PlyCount "83"]
[EventDate "2025.04.12"]
[EventType "swiss"]
[EventCountry "AUT"]
[SourceTitle "playchess.com"]
[Source "ChessBase"]
[SourceQuality "1"]
[TimeControl "5400+30"]

1. e4 c6 2. d4 d5 3. exd5 cxd5 4. Bd3 Nc6 5. c3 Qc7 6. Ne2 e5 7. dxe5 Nxe5 8. Bb5+ Bd7 9. Bxd7+ Qxd7 10. O-O Nf6 11. Nf4 Be7 12. Re1 Nc6 13. Nd2 O-O 14. Nf3 Rad8 15. Be3 Bd6 16. h3 Bc7 17. Nd3 b6 18. Bg5 Qf5 19. Qc2 h6 20. Be3 Na5 21. Nb4 Qh5 22. Rad1 Nc4 23. Bd4 Ne4 24. Nxd5 Rxd5 25. Rxe4 Qg6 26. Qe2 Nxb2 27. Rg4 Qxg4 28. hxg4 Nxd1 29. Qxd1 Rfd8 30. Qa4 Bb8 31. g3 Ra5 32. Qb3 Rad5 33. Kg2 Bc7 34. Nh4 Be5 35. Nf5 Kh7 36. Bxe5 Rxe5 37. Qxf7 Rg8 38. Ne7 Ra8 39. Qg6+ Kh8 40. Nf5 Rg8 41. Nxh6 gxh6 42. Qxh6# 1-0

[Event "AUT-ch U18-Open 2025"]
[Site "Fuerstenfeld"]
[Date "2025.04.14"]
[Round "3.8"]
[White "Daemon, Clemens"]
[Black "Mangeng, Lukas"]
[Result "0-1"]
[Annotator "RC"]
[ECO "B04"]
[WhiteElo "1965"]
[BlackElo "1688"]
[PlyCount "90"]
[EventDate "2025.04.12"]
[EventType "swiss"]
[EventCountry "AUT"]
[SourceTitle "playchess.com"]
[Source "ChessBase"]
[SourceQuality "1"]
[TimeControl "5400+30"]

1. e4 Nf6 2. e5 Nd5 3. d4 d6 4. Nf3 Nc6 5. exd6 cxd6 6. c4 Nb6 7. Nc3 g6 8. Be2 Bg7 9. Be3 O-O 10. h3 Bf5 11. O-O d5 12. b3 e5 13. c5 Nc8 14. Rc1 e4 15. Ne1 Be6 16. Qd2 f5 17. f4 N8e7 18. Nc2 Rc8 19. b4 a6 20. a4 Bd7 21. Rb1 Qe8 22. b5 axb5 23. axb5 Na7 24. Nb4 Qf7 25. Qa2 Ra8 26. Nbxd5 Be6 27. Nxe7+ Qxe7 28. Bc4 Nxb5 29. Bxe6+ Kh8 30. Nxb5 Rxa2 31. Bxa2 Rd8 32. Nd6 Rxd6 33. cxd6 Qxd6 34. Rfc1 Bxd4 35. Rc8+ Kg7 36. Bxd4+ Qxd4+ 37. Kh1 Qd2 38. Rxb7+ Kh6 39. Bg8 Qxf4 40. Rxh7+ Kg5 41. Rc2 e3 42. Bc4 Qe4 43. h4+ Kf4 44. Rc1 Kg3 45. Bf1 e2 0-1